 Dungeon Sprint DCSS version 0.26-b1-45-g23770d1d51 (webtiles) character file.

Game seed: 16765144945836675049

9634 radhat240 the Peltast (level 11, -3/113 HPs)
             Began as a Minotaur Fighter on Jan 6, 2021.
             Was the Champion of Makhleb.
             Slain by a storm dragon (6 damage)
             ... in the Dungeon (Sprint V: "Ziggurat Sprint").
             The game lasted 00:15:58 (448 turns).

radhat240 the Peltast (Minotaur Fighter)             Turns: 448, Time: 00:15:59

Health: -3/113     AC: 33    Str: 39    XL:     11   Next: 25%
Magic:  0/10       EV:  4    Int:  6    God:    Makhleb [******]
Gold:   0          SH: 42    Dex:  9    Spells: 10/10 levels left

rFire    . . .     SeeInvis +   H - +14 obsidian axe {vorpal, +Fly SInv *Curse} (curse)
rCold    . . .     Faith    .   J - +18 shield of the Gong {rElec rN+ Will+ EV-5}
rNeg     + . .     Spirit   +   I - +15 Maxwell's patent armour {-Cast -Tele rElec Will+ rCorr}
rPois    .         Reflect  .   (helmet restricted)
rElec    +         Harm     .   (no cloak)
rCorr    +         Rampage  .   b - +0 pair of gloves {Str+3}
Will     ++...     NoTele   +   (no boots) Stlth ..........NoCast +
                                k - brooch of Shielding {Spirit SH+8}
HPRegen  0.28/turn              G - +6 ring of strength
MPRegen  0.12/turn              F - +6 ring of strength

@: flying (expiring), mesmerised
A: retaliatory headbutt, horns 2
a: Renounce Religion, Minor Destruction, Lesser Servant of Makhleb, Major
Destruction, Greater Servant of Makhleb


You were in the Dungeon.
You worshipped Makhleb.
Makhleb was exalted by your worship.
You visited 1 branch

Inventory:

Hand Weapons
 H - the cursed +14 obsidian axe (weapon) {vorpal, +Fly SInv *Curse}
   (You found it in the Dungeon)

   It inflicts extra damage upon your enemies.
   It lets you see invisible.
   It lets you fly.
   It curses itself when equipped.
   It has a curse placed upon it.
Armour
 b - a +0 pair of gloves of strength (worn)
 I - the +15 Maxwell's patent armour (worn) {-Cast -Tele rElec Will+ rCorr}
   (You found it in the Dungeon)

   It insulates you from electricity.
   It affects your willpower, your defense against some magical effects.
   It prevents spellcasting.
   It prevents most forms of teleportation.
   It provides partial protection from all sources of acid and corrosion.
 J - the +18 shield of the Gong (worn) {rElec rN+ Will+ EV-5}
   (You found it in the Dungeon)

   It affects your evasion (-5).
   It insulates you from electricity.
   It protects you from negative energy.
   It affects your willpower, your defense against some magical effects.
Jewellery
 k - the brooch of Shielding (around neck) {Spirit SH+8}
   (You found it in the Dungeon)

   [amulet of guardian spirit]

   It causes incoming damage to be split between your health and magic.
   It affects your SH (+8).
 A - an uncursed ring of flight
 C - a +6 ring of dexterity
 E - a +6 ring of intelligence
 F - a +6 ring of strength (right hand)
 G - a +6 ring of strength (left hand)
Wands
 x - a wand of disintegration (7)
 y - a wand of iceblast (7)
 z - a wand of acid (7)
Scrolls
 j - 4 scrolls of blinking
 o - 7 scrolls of fog
 p - a scroll of holy word
 q - 5 scrolls of identify
 r - 5 scrolls of remove curse
 s - a scroll of fear
Potions
 d - 7 potions of might
 e - 10 potions of curing
 f - 9 potions of heal wounds
 g - 10 potions of haste
 h - 7 potions of magic
 i - 3 potions of berserk rage
 t - 2 potions of brilliance
 u - 2 potions of invisibility
 v - 4 potions of resistance
Miscellaneous
 a - a condenser vane (inert)


   Skills:
 * Level 15.6 Fighting
 * Level 15.4 Axes
 * Level 15.6 Armour
 * Level 15.7 Shields
 + Level 7.9 Evocations


You had 10 spell levels left.
You didn't know any spells.
Your spell library was empty.

Dungeon Overview and Level Annotations

Branches:
Dungeon (1/1)

Altars:
Ashenzari
Cheibriados
Dithmenos
Elyvilon
Fedhas
Gozag
Hepliaklqana
Kikubaaqudgha
Makhleb
Nemelex Xobeh
Okawaru
Qazlal
Ru
Sif Muna
Trog
Uskayaw
Vehumet
Wu Jian
Xom
Yredelemnul
Zin
The Shining One
Beogh
Jiyva
Lugonu

Annotations:
D 1 transporter


Innate Abilities, Weirdness & Mutations

You reflexively headbutt those who attack you in melee.
You have a pair of horns on your head.


Message History

The bolt of lightning hits your sun demon.
Your sun demon resists.
Your smoke demon is engulfed in blazing flames.
You feel much better.
Visions of slaying the storm dragon flood into your mind.
You are engulfed in blazing flames.
* * * LOW HITPOINT WARNING * * *
You block the air elemental's attack.
GONNNNG!
You block the air elemental's attack.
BONNNG!
The storm dragon is engulfed in blazing flames. x2
The spriggan air mage waves its arms in wide circles.
The air twists around and violently strikes your sun demon in flight!!
Your sun demon dies!
The titan is engulfed in blazing flames.
You block the storm dragon's attack.
GONNNNG!
The storm dragon claws you.
You die...

▓.▓.....▓.▓.
▓.§§.8§8..k.▓....©....▓.
▓.§§§§.§:}..▓▓▓▓▓▓▓▓▓▓▓▓
▓.i§§§§§§...▓...8©8...▓.
▓.§§§§§§§§§D▓...[).=..▓.
▓.§§§iC§§§§.▓...):[...▓.
▓.§§§D§D§§§.▓.........▓.
▓.§§§§EDi...▓.........▓.
▓.§§§§3@§...▓.........▓.
▓.§▓§§§§§▓..▓....†....▓.
▓...........▓.▓.†...▓.▓.
▓.....©.....▓....©....▓.
▓▓▓▓▓▓▓▓▓▓▓▓▓▓▓▓▓▓▓▓▓▓▓▓
▓...8©8...▓...8©8...▓...
▓...))|::.▓..:))))..▓..[
▓...[.)[..▓..)|:|)..▓...
▓.........▓.........▓...


You could see a titan, 4 storm dragons, a wind drake (repels missiles, fleeing),
3 spriggan air magi, an air elemental and a friendly smoke demon (summoned).

Vanquished Creatures
  A reaper (D)
  A deep elf knight (D)
  A skeletal warrior (D)
  A deep elf archer (D)
  2 deep elf magi (D)
  A draconian (D)
  A red devil (D)
  A wraith (D)
  A small abomination (D)
  3 shadows (D)
  A basilisk (D)
  3 hell hounds (D)
  3 black bears (D)
  A wolf (D)
  2 bullfrogs (D)
  A wight (D)
  A quasit (D)
  An orc wizard (D)
  2 orc priests (D)
  An iron imp (D)
  A river rat (D)
  4 white imps (D)
  2 oozes (D)
  An adder skeleton (D)
  3 adder zombies (D)
  2 orcs (D)
  A bat skeleton (D)
  A jackal (D)
  A leopard gecko skeleton (D)
  A leopard gecko zombie (D)
  2 quokka zombies (D)
48 creatures vanquished.

Vanquished Creatures (collateral kills)
  A deep elf archer (D)
  A deep elf mage (D)
  3 draconians (D)
  3 cyclopes (D)
  A rust devil (D)
  A freezing wraith (D)
  A spriggan (D)
  A shadow (D)
  A water moccasin (D)
  A hell hound (D)
  A necrophage (D)
  An ogre (D)
  A wolf (D)
  A crimson imp (D)
  A quasit (D)
  An orc priest (D)
  An orc wizard (D)
  A river rat (D)
  A bat skeleton (D)
  A ball python zombie (D)
  A jackal zombie (D)
  A leopard gecko skeleton (D)
  A leopard gecko zombie (D)
27 creatures vanquished.

Vanquished Creatures (others)
  2 spriggan air magi (D)
2 creatures vanquished.

Grand Total: 77 creatures vanquished

Notes
Turn   | Place    | Note
-------+----------+-------------------------------------------
     0 | D        | radhat240 the Minotaur Fighter began the quest for the Orb.
     0 | D        | Reached XP level 1. HP: 19/19 MP: 0/0
     3 | D        | Found a blossoming altar of Fedhas.
     4 | D        | Found the +6 Majin-Bo {vamp, MP+6 Int+6}
     4 | D        | Found the +9 heavy crossbow "Sniper" {vorpal, Acc+∞ SInv}
     4 | D        | Found the +10 dark maul {vorpal}
     4 | D        | Found the +15 Maxwell's patent armour {-Cast -Tele rElec
                  | Will+ rCorr}
     4 | D        | Found the +18 shield of the Gong {rElec rN+ Will+ EV-5}
     4 | D        | Found the cursed +14 obsidian axe {vorpal, +Fly SInv
                  | *Curse}
     4 | D        | Found the +7 great mace "Firestarter" {inner flame, rF++}
     4 | D        | Found the +6 shillelagh "Devastator" {shatter}
     4 | D        | Found the +11 plutonium sword {*Contam Stlth-}
     4 | D        | Found the +8 lance "Wyrmbane" {slay drac, rPois rF+ rC+
                  | AC+3}
     4 | D        | Found the +9 sword of Zonguldrok {reap}
     4 | D        | Found the cursed +13 scythe of Curses {drain, *Curse}
     4 | D        | Found the +5 sword of Power {vorpal}
     4 | D        | Found the +7 mace of Variability {chain chaos}
     4 | D        | Found the +7 Singing Sword {vorpal, sonic wave}
     4 | D        | Found the +8 storm bow {elec, penet}
     5 | D        | Found a viscous altar of Jiyva.
     5 | D        | Found a hazy altar of Hepliaklqana.
     5 | D        | Found a transporter.
     5 | D        | Found an opulent altar of Gozag.
     5 | D        | Found an ancient bone altar of Kikubaaqudgha.
     5 | D        | Found a corrupted altar of Lugonu.
     9 | D        | Found a burning altar of Makhleb.
    10 | D        | Found a sacrificial altar of Ru.
    10 | D        | Found a stormy altar of Qazlal.
    10 | D        | Found a shimmering blue altar of Sif Muna.
    10 | D        | Found an iron altar of Okawaru.
    10 | D        | Found a bloodstained altar of Trog.
    10 | D        | Found a sparkling altar of Nemelex Xobeh.
    55 | D        | Became a worshipper of Makhleb the Destroyer
   106 | D        | Reached skill level 5 in Fighting
   106 | D        | Reached skill level 5 in Axes
   106 | D        | Reached skill level 5 in Armour
   106 | D        | Reached skill level 5 in Shields
   106 | D        | Reached XP level 2. HP: 30/30 MP: 1/1
   110 | D        | Entered arena 2.
   110 | D        | Found a transporter.
   119 | D        | Entered arena 3.
   119 | D        | Noticed a small abomination
   119 | D        | Noticed a crimson imp
   119 | D        | Found a transporter.
   123 | D        | Killed a small abomination
   123 | D        | Reached * piety under Makhleb
   124 | D        | Reached XP level 3. HP: 40/40 MP: 2/2
   124 | D        | Reached XP level 4. HP: 48/48 MP: 3/3
   124 | D        | Reached XP level 5. HP: 53/53 MP: 4/4
   132 | D        | Got the +0 helmet of Molos {+Fly rC+ Dex-3 Stlth+}
   137 | D        | Entered arena 4.
   137 | D        | Noticed a draconian
   137 | D        | Noticed a draconian
   137 | D        | Noticed a draconian
   137 | D        | Noticed a draconian
   137 | D        | Found a transporter.
   141 | D        | Killed a draconian
   141 | D        | Reached ** piety under Makhleb
   142 | D        | Reached skill level 10 in Fighting
   142 | D        | Reached skill level 10 in Armour
   142 | D        | Reached skill level 10 in Shields
   142 | D        | Reached XP level 6. HP: 66/66 MP: 5/5
   142 | D        | Reached XP level 7. HP: 72/72 MP: 6/6
   144 | D        | Killed a draconian
   145 | D        | Reached skill level 10 in Axes
   146 | D        | Killed a draconian
   147 | D        | Reached XP level 8. HP: 82/82 MP: 7/7
   147 | D        | Killed a draconian
   147 | D        | Reached *** piety under Makhleb
   159 | D        | Entered arena 5.
   159 | D        | Noticed a cyclops
   159 | D        | Noticed a cyclops
   159 | D        | Noticed a cyclops
   159 | D        | Found a transporter.
   162 | D        | Killed a cyclops
   165 | D        | Killed a cyclops
   166 | D        | Reached XP level 9. HP: 75/90 MP: 8/8
   167 | D        | Killed a cyclops
   167 | D        | Reached **** piety under Makhleb
   168 | D        | Reached skill level 5 in Evocations
   177 | D        | Entered arena 6.
   177 | D        | Found a transporter.
   184 | D        | Reached ***** piety under Makhleb
   197 | D        | Entered arena 7.
   198 | D        | Found a transporter.
   216 | D        | Entered arena 8.
   216 | D        | Noticed a deep elf archer
   216 | D        | Noticed a deep elf knight
   216 | D        | Noticed a deep elf mage
   216 | D        | Noticed a deep elf archer
   216 | D        | Noticed a deep elf mage
   216 | D        | Noticed a deep elf mage
   217 | D        | Identified the +4 demon whip of Molapp {vamp, Str+3 Dex+2}
   217 | D        | Found a transporter.
   222 | D        | Killed a deep elf mage
   223 | D        | Killed a deep elf knight
   223 | D        | Killed a deep elf archer
   223 | D        | Reached ****** piety under Makhleb
   224 | D        | Reached XP level 10. HP: 101/101 MP: 9/9
   224 | D        | Killed a deep elf mage
   224 | D        | Killed a deep elf archer
   224 | D        | Killed a deep elf mage
   241 | D        | Entered arena 9.
   242 | D        | Identified the +9 double sword of Quefit {venom, +Fly rElec
                  | rN+ Will+}
   242 | D        | Found a transporter.
   322 | D        | Entered arena 10.
   323 | D        | Found the ring of the Mage {Wiz Will++ Int+3}
   323 | D        | Found the brooch of Shielding {Spirit SH+8}
   323 | D        | Found a transporter.
   359 | D        | Entered arena 11.
   360 | D        | Found the +3 salamander hide armour {Flames rF++ rC--}
   360 | D        | Found a transporter.
   375 | D        | Entered arena 12.
   375 | D        | Noticed a rust devil
   375 | D        | Noticed a reaper
   376 | D        | Noticed a skeletal warrior
   377 | D        | Found a transporter.
   380 | D        | Killed a rust devil
   382 | D        | Killed a reaper
   383 | D        | Reached skill level 15 in Fighting
   383 | D        | Reached skill level 15 in Armour
   383 | D        | Reached skill level 15 in Shields
   383 | D        | Reached XP level 11. HP: 111/112 MP: 10/10
   386 | D        | Killed a skeletal warrior
   387 | D        | Reached skill level 15 in Axes
   408 | D        | Entered arena 13.
   411 | D        | Found a transporter.
   442 | D        | Entered arena 14.
   443 | D        | Noticed a spriggan air mage
   443 | D        | Noticed a spriggan air mage
   443 | D        | Noticed a storm dragon
   443 | D        | Noticed a storm dragon
   443 | D        | Noticed a storm dragon
   443 | D        | Noticed a spriggan air mage
   443 | D        | Noticed a storm dragon
   443 | D        | Noticed a titan
   444 | D        | Noticed a spriggan air mage
   444 | D        | Noticed a spriggan air mage
   446 | D        | Found a transporter.
   447 | D        | Killed a spriggan air mage
   447 | D        | Killed a spriggan air mage
   447 | D        | HP: 4/113 [spriggan air mage/bolt of lightning (6)]
   448 | D        | Slain by a storm dragon

Illustrated notes

Levels and vault maps discovered:
D:        sprint_v [room_start, room_1, room_2, room_3, room_4, room_5, room_6,
          room_7, room_8, room_9, room_10, room_11, room_12, room_13, room_14,
          room_15, room_16, room_17, room_18, room_19, room_20, room_21,
          room_22, room_23, room_24, room_25, room_26, room_27]

Skill      XL: |  1  2  3  4  5  6  7  8  9 10 11 |
---------------+----------------------------------+-----
Fighting       | 5 8 10 11 12 13 15 | 15.6
Axes           | 5 7 9 10 12 13 14 15 | 15.4
Armour         | 5 7 10 11 12 13 15 | 15.6
Shields        | 5 8 10 11 12 13 15 | 15.7
Evocations     | 2 3 4 6 7 |  7.9

Action                   |  1- 3 |  4- 6 |  7- 9 | 10-12 || total
-------------------------+-------+-------+-------+-------++-------
Melee: Broad axe         |     3 |     4 |    21 |    34 ||    62
       Headbutt          |       |     1 |     7 |     9 ||    17
Evoke: Condenser vane    |       |     1 |       |     1 ||     2
  Use: Potion            |     1 |       |       |     1 ||     2
       Scroll            |       |       |       |     1 ||     1
 Stab: Confused          |       |     1 |     2 |       ||     3
       Distracted        |       |       |     1 |     1 ||     2
Armor: Plate armour      |     3 |       |    12 |     8 ||    23
Dodge: Dodged            |       |       |     5 |     2 ||     7
Block: Kite shield       |     6 |     3 |    27 |    52 ||    88
